 Dungeon Crawl Stone Soup version 0.30.0-5-g1a98f26d00 (webtiles) character file.

Game seed: 16716553917883820190

1530 dialectric the Slasher (level 8, -1/60 (62) HPs)
             Began as a Demonspawn Fighter on May 8, 2023.
             Killed from afar by a steam dragon (14 damage)
             ... with a ball of steam
             ... on level 7 of the Dungeon.
             The game lasted 00:06:45 (4956 turns).

dialectric the Slasher (Demonspawn Fighter)         Turns: 4956, Time: 00:06:47

HP:   -1/60 (62)    AC: 11    Str: 19    XL:     8   Next: 55%
MP:   8/8           EV: 10    Int:  9    God:
Gold: 315           SH: 11    Dex: 16    Spells: 7/7 levels left

rFire   . . .        x - +0 short sword (distort)
rCold   . . .        c - +0 buckler
rNeg    . . .        F - +1 scale mail of Indemnity {Dex+3}
rPois   .            (helmet restricted)
rElec   .            (no cloak)
rCorr   .            v - +0 pair of gloves
SInv    .            w - +1 pair of boots
Will    .....        (no amulet) Stlth
                     (no ring)
HPRegen 0.30/turn    (no ring)
MPRegen 0.11/turn

%: no passive effects
@: lightly drained
A: horns 1, large bone plates 2, ignite blood 1
a: no special abilities


You were on level 7 of the Dungeon.
You visited 1 branch of the dungeon, and saw 7 of its levels.

You collected 315 gold pieces.

Inventory:

Hand Weapons
 a - a +0 long sword
 l - a +1 dagger of holy wrath
 x - a +0 short sword of distortion (weapon)
Armour
 c - a +0 buckler (worn)
 i - a +0 tower shield
 r - a +0 helmet
 v - a +0 pair of gloves (worn)
 w - a +1 pair of boots (worn)
 C - a +0 hat
 F - the +1 scale mail of Indemnity (worn) {Dex+3}
   (You found it on level 5 of the Dungeon)

   Dex:       It affects your dexterity (+3).
Jewellery
 h - a ring of ice
 j - a ring of magical power
Scrolls
 e - 8 scrolls of identify
 f - 2 scrolls of immolation
 g - 2 scrolls of teleportation
 s - a scroll of fear {unknown}
 t - a scroll of enchant weapon {unknown}
 u - a scroll of noise {unknown}
 y - a scroll of fog {unknown}
 B - a scroll of amnesia {unknown}
 D - a scroll of vulnerability {unknown}
Potions
 d - a potion of might
 k - a potion of attraction {unknown}
 m - a potion of cancellation
 n - a potion of curing
 o - a potion of heal wounds {unknown}
 q - a potion of magic {unknown}
 z - a potion of brilliance {unknown}
 A - a potion of flight
 E - a potion of haste {unknown}


   Skills:
 - Level 5.3 Fighting
 + Level 4.2(5.7) Short Blades
 * Level 5.7(6.4) Long Blades
 - Level 5.0 Armour
 + Level 2.3 Dodging
 - Level 0.1 Stealth
 * Level 3.1 Shields
 + Level 0.1 Evocations


You had 7 spell levels left.
You didn't know any spells.
Your spell library contained the following spells:

 Spells                   Type           Power      Damage    Failure   Level
 Apportation              Tloc           0%         N/A       82%         1
 Slow                     Hex            0%         N/A       82%         1
 Sublimation of Blood     Necr           0%         N/A       91%         2
 Wereblood                Tmut           0%         N/A       91%         2
 Confusing Touch          Hex            0%         N/A       99%         3
 Ozocubu's Armour         Ice            0%         N/A       99%         3
 Vampiric Draining        Necr           0%         2d6       99%         3
 Vhi's Electric Charge    Tloc/Air       0%         N/A       99%         3
 Alistair's Intoxication  Tmut/Pois      0%         N/A       100%        5
 Arcjolt                  Conj/Air       0%         1d10      100%        5
 Plasma Beam              Fire/Air       0%         2x1d11    100%        6
 Ozocubu's Refrigeration  Ice            0%         4d7       100%        7
 Summon Hydra             Summ           0%         N/A       100%        7


Dungeon Overview and Level Annotations

Branches:
Dungeon (7/15)
 Temple: D:4-7

Altars:
Yredelemnul

Annotations:
D:5 1 runed translucent door, qeuew's ghost, novice MiFi


Innate Abilities, Weirdness & Mutations

You have a pair of small horns on your head.
You are mostly covered in large bone plates. (SH +6)
Your demonic aura sometimes causes spilled blood to erupt in flames.


Message History

Unknown command.
Unknown command.
You barely miss the wight. You headbutt the wight.
The wight is moderately damaged.
The wight hits you with a +3 mace.
* * * LOW HITPOINT WARNING * * *
You barely miss the wight. Your headbutt misses the wight.
The wight is moderately damaged.
You closely miss the wight.
The wight is moderately damaged.
The wight barely misses you.
You feel better. The wight barely misses you.
The wight hits you but does no damage.
You hit the wight.
The wight is heavily damaged.
The wight blinks!
The wight hits you but does no damage. The wight hits you with a +3 mace.
* * * LOW HITPOINT WARNING * * *
You feel drained.
* * * LOW HITPOINT WARNING * * *
You block the wight's attack. 2 wights come into view.
Found a fuming brown potion and a scroll labelled KYUTAMNENEU.
You barely miss the wight.
The wight is heavily damaged.
The wight misses you.
You hit the wight.
Space warps around the wight.
You destroy the wight!
The wight hits you but does no damage.
Unknown command.
As you read the scroll of teleportation, it crumbles to dust.
You feel strangely unstable. You block the wight's attack.
The wight attacks as you move away! You block the wight's attack.
Your surroundings suddenly seem different.
An ufetubus, a bullfrog and a steam dragon come into view.
The ufetubus shouts!
The bullfrog gives a loud, deep croak!
The steam dragon hisses angrily.
The steam dragon breathes steam at you. The ball of steam hits you!
You die...

#. #...#.# #..
#...#.###
#.##5......#
##..........#
............#
........F...#
............#
.......@....#
########§......
.§..### #§...#
.D...# .#....
####.


You could see a bullfrog and an ufetubus.

Vanquished Creatures
  Sigmund (D:5)
  An ogre (D:6)
  3 phantoms
  3 bullfrogs (D:6)
  A scorpion (D:5)
  A wight (D:7)
  A howler monkey (D:6)
  A hound (D:4)
  A jelly (D:6)
  An orc priest (D:5)
  An orc wizard (D:3)
  Robin (D:2)
  4 gnolls (D:6)
  7 adders
  2 dart slugs (D:4)
  11 orcs
  3 bats
  10 endoplasms
  A giant cockroach (D:4)
  18 goblins
  6 hobgoblins
  13 kobolds
  5 ball pythons
  5 frilled lizards
  6 rats
107 creatures vanquished.

Notes
Turn   | Place    | Note
-------+----------+-------------------------------------------
     0 | D:1      | dialectric the Demonspawn Fighter began the quest for the
                  | Orb.
     0 | D:1      | Reached XP level 1. HP: 18/18 MP: 1/1
   341 | D:1      | Gained mutation: Your demonic aura sometimes causes spilled
                  | blood to erupt in flames. [demonic ancestry]
   341 | D:1      | Reached XP level 2. HP: 14/24 MP: 2/2
   945 | D:2      | Noticed Robin
   981 | D:2      | Reached XP level 3. HP: 29/29 MP: 3/3
  1473 | D:2      | Killed Robin
  1713 | D:3      | Gained mutation: You are partially covered in large bone
                  | plates. (SH +4) [demonic ancestry]
  1713 | D:3      | Reached XP level 4. HP: 25/35 MP: 4/4
  2576 | D:4      | Reached XP level 5. HP: 34/41 MP: 5/5
  2779 | D:4      | Noticed a phantom
  2802 | D:4      | Killed a phantom
  2803 | D:4      | Reached skill level 1 in Short Blades
  3061 | D:4      | Reached XP level 6. HP: 48/48 MP: 6/6
  3432 | D:5      | Entered Level 5 of the Dungeon
  3489 | D:5      | Found a runed translucent door.
  3490 | D:5      | Noticed qeuew's ghost (novice MiFi)
  3634 | D:5      | Identified the +0 plate armour of Wasted Space {rPois
                  | Dex+2}
  3703 | D:5      | Identified the +1 scale mail of Indemnity {Dex+3}
  3789 | D:5      | Reached skill level 1 in Dodging
  3789 | D:5      | Gained mutation: You are mostly covered in large bone
                  | plates. (SH +6) [demonic ancestry]
  3789 | D:5      | Reached XP level 7. HP: 54/55 MP: 7/7
  3967 | D:5      | Noticed Sigmund
  3977 | D:5      | Killed Sigmund
  3978 | D:5      | Reached skill level 5 in Long Blades
  4081 | D:5      | Found a basalt altar of Yredelemnul.
  4520 | D:6      | Reached skill level 5 in Fighting
  4574 | D:6      | Gained mutation: You have a pair of small horns on your
                  | head. [demonic ancestry]
  4574 | D:6      | Reached XP level 8. HP: 14/62 MP: 8/8
  4765 | D:6      | Reached skill level 5 in Armour
  4956 | D:7      | Killed from afar by a steam dragon

Illustrated notes

Levels and vault maps discovered:
D:1:      nicolae_arrival_washed_ashore, layout_rooms
D:2:      layout_basic, minmay_goblin_kobold_house, uniq_robin
D:3:      layout_basic, chequers_serial_rivers_small_b, lexackson_kobold_supper
D:4:      layout_gridville
D:5:      layout_basic, mainiacjoe_overflow_surrounded_room,
          ebering_ghost_inner_flame, uniq_sigmund
D:6:      layout_basic, minmay_temple_entry_poolview
D:7:      layout_basic

Skill      XL: |  1  2  3  4  5  6  7  8 |
---------------+-------------------------+-----
Long Blades    | 2 3 4 5 |  5.7
Armour         | 3 4 5 |  5.0
Short Blades   | 1 2 3 4 |  4.2
Fighting       | 4 5 |  5.3
Dodging        | 1 2 |  2.3
Shields        | 3 |  3.1
Stealth        | |  0.1
Evocations     | |  0.1

Action                     |  1- 3 |  4- 6 |  7- 9 || total
---------------------------+-------+-------+-------++-------
  Melee: Long sword        |   102 |    67 |       ||   169
         Short sword       |       |   139 |   100 ||   239
         Headbutt          |       |       |     8 ||     8
  Evoke: Wand              |       |       |     2 ||     2
    Use: Scroll            |     1 |     1 |     2 ||     4
         Potion            |       |     2 |     5 ||     7
 Armour: Scale mail        |    56 |    91 |    40 ||   187
  Dodge: Dodged            |    53 |    59 |    34 ||   146
  Block: Other             |       |    27 |       ||    27
         Buckler           |       |     8 |    60 ||    68
